 Dungeon Crawl Stone Soup version 0.21-a0-633-g4c047d5 (webtiles) character file.

30 twist the Caller (level 3, -5/24 HPs)
             Began as a Barachi Summoner on Dec 28, 2017.
             Was an Initiate of Ashenzari.
             Slain by a phantom (7 damage)
             ... on level 2 of the Dungeon.
             The game lasted 00:04:35 (2237 turns).

twist the Caller (Barachi Summoner)                 Turns: 2237, Time: 00:04:36

Health: -5/24      AC:  4    Str:  9    XL:     3   Next: 18%
Magic:  4/7        EV: 12    Int: 16    God:    Ashenzari [......]
Gold:   62         SH:  0    Dex: 12    Spells: 1/7 levels left

rFire    . . .     SeeInvis .   d - -1 dagger (curse)
rCold    . . .     Gourm    .   (no shield)
rNeg     . . .     Faith    .   i - +1 leather armour (curse)
rPois    .         Spirit   .   (no helmet)
rElec    .         Reflect  .   (no cloak)
rCorr    .         Harm     .   (no gloves)
MR       .....                  (no boots)
Stlth    ++........             (no amulet)
HPRegen  0.08/turn              (no ring)
MPRegen  0.10/turn              (no ring)

@: slow
A: +LOS, swims, slowness 1, strong legs 1
a: Hop, Curse Item, Renounce Religion


You were on level 2 of the Dungeon.
You worshipped Ashenzari.
Ashenzari was noncommittal.
You were near starving.

You visited 1 branch of the dungeon, and saw 2 of its levels.

You collected 62 gold pieces.

Inventory:

Hand Weapons
 d - a cursed -1 dagger (weapon)
 g - a +0 dagger
Missiles
 j - 11 poisoned needles
 m - 8 needles of sleeping
Armour
 a - a +0 robe
 i - a cursed +1 leather armour (worn)
Wands
 p - a wand of polymorph (16)
Scrolls
 n - a scroll of remove curse
Potions
 e - a potion of curing {unknown}
 f - a potion of berserk rage {unknown}
 h - a potion of degeneration {unknown}
Books
 b - a book of Callings

   Spells                             Type                      Level
   a - Summon Small Mammal            Summoning                    1
   b - Call Imp                       Summoning                    2
   c - Call Canine Familiar           Summoning                    3
   d - Summon Guardian Golem          Hexes/Summoning              3
   e - Summon Lightning Spire         Summoning/Air                4
   f - Summon Ice Beast               Ice/Summoning                4
Comestibles
 c - 2 rations


   Skills:
 + Level 2.6 Dodging
 + Level 2.2 Stealth
 + Level 2.7 Spellcasting
 + Level 5.1 Summonings


You had one spell level left.
You knew the following spells:

 Your Spells              Type           Power        Failure   Level  Hunger
a - Summon Small Mammal   Summ           ###.         3%          1    #......
b - Call Imp              Summ           ###.....     4%          2    ##.....
c - Call Canine Familiar  Summ           ###.....     10%         3    ###....


Dungeon Overview and Level Annotations

Branches:
Dungeon (2/15)

Altars:
Ashenzari
Gozag


Innate Abilities, Weirdness & Mutations

Shadows flee at your approach. (+LOS)
You can swim through water.
You cover ground slowly.
You can hop short distances.


Message History

Your crimson imp hits the phantom but does no damage.
The phantom hits your crimson imp.
Your crimson imp blinks!
The phantom barely misses your crimson imp.
You hit the phantom.
The phantom is almost destroyed.
Your crimson imp disappears in a puff of smoke!
The phantom hits you.
* * * LOW HITPOINT WARNING * * *
You barely miss the phantom.
The phantom is almost destroyed.
The phantom blinks!
You hit the phantom but do no damage.
The phantom is almost destroyed.
The phantom closely misses you.
Unknown command.
You closely miss the phantom.
The phantom is almost destroyed.
The phantom hits you!
You die...

#.###.......... .##. #.#
#.###.##########.#♣♣
#####.###..........#.♣♣.
#8..#.........####.#.♣.P
#_............# #.#.♣..
#8..#........## #.#.♣P♣
#####.#####.## #.#.♣♣♣
#.#####.######.#.♣..
#..@.........#.#.♣.♣ ..
##W###.#####(#......
.... #.# #.# #.#..#.##
#....###.###.## #.##...#
#.....P..P#...# #.###.##
##....(P♣.....# #.# #.#
##...P.♣P.P..# #.# #.#
##....♣♣♣..P####.# #.#
#.#..♣ ♣♣.......###.#♣♣


You could see a phantom.

Vanquished Creatures
  A leopard gecko (D:2)
  A bat (D:1)
  2 giant cockroaches (D:1)
  A goblin (D:1)
  A hobgoblin (D:1)
  A frilled lizard (D:2)
7 creatures vanquished.

Vanquished Creatures (collateral kills)
  3 dart slugs
  6 goblins
  5 hobgoblins
  3 jackals (D:2)
  A quokka (D:2)
  A bat (D:1)
  A frilled lizard (D:1)
  A rat (D:1)
21 creatures vanquished.

Grand Total: 28 creatures vanquished

Notes
Turn   | Place    | Note
-------+----------+-------------------------------------------
     0 | D:1      | twist the Barachi Summoner began the quest for the Orb.
     0 | D:1      | Reached XP level 1. HP: 13/13 MP: 3/3
   366 | D:1      | Reached XP level 2. HP: 8/19 MP: 1/5
   371 | D:1      | Reached skill level 5 in Summonings
   667 | D:1      | Learned a level 2 spell: Call Imp
  1705 | D:2      | Reached XP level 3. HP: 21/24 MP: 4/6
  1712 | D:2      | Learned a level 3 spell: Call Canine Familiar
  1774 | D:2      | Found a shattered altar of Ashenzari.
  1992 | D:2      | Became a worshipper of Ashenzari the Shackled
  2108 | D:2      | Found an opulent altar of Gozag.
  2149 | D:2      | Noticed a phantom
  2232 | D:2      | HP: 1/24 [phantom (3)]
  2237 | D:2      | Slain by a phantom

Vault maps used:
D:1:      minmay_arrival_diagonal_passages
D:2:      grunt_gozag_breadcrumbs, evilmike_ruin_ashenzari, serial_forest,
          infiniplex_forest_straight_1, infiniplex_forest_straight_3,
          infiniplex_forest_zigzag_2, infiniplex_forest_clump_diagonal,
          infiniplex_forest_clump_curved, infiniplex_forest_straight_2,
          infiniplex_forest_clump_C, infiniplex_forest_corner_2,
          infiniplex_forest_clump_tiny

Skill      XL: |  1  2 |
---------------+-------+-----
Stealth        | 2 |  2.2
Summonings     | 5 |  5.1
Dodging        | |  2.6
Spellcasting   | |  2.7

Action                   || total
-------------------------++-------
Melee: Dagger            ||    97
       Unarmed           ||     3
 Cast: Summon Small Mamm ||    22
       Call Imp          ||    14
 Abil: Hop               ||     1
  Use: Scroll            ||     3
 Stab: Sleeping          ||     1
  Eat: Ration            ||     1
       Chunk             ||     1
Armor: Robe              ||    27
       Leather armour    ||    12
Dodge: Dodged            ||    88

Table legend:
 A = Spawn XP
 B = Non-spawn XP
 C = Spawn XP percentage of total XP
 D = Spawn monster count
 E = Non-spawn monster count
 F = Spawn count percentage of total count
 G = Total turns spent on level
                    A         B        C        D         E        F      G
               +---------+---------+-------+---------+---------+-------+---------
         Total |       0 |      43 |   0.0 |       0 |      28 |   0.0 |  2237
               +---------+---------+-------+---------+---------+-------+---------
           D:1 |       0 |      25 |   0.0 |       0 |      17 |   0.0 |  1392
           D:2 |       0 |      18 |   0.0 |       0 |      11 |   0.0 |   845
               +---------+---------+-------+---------+---------+-------+---------
